Map: Orbital Shipyard

Players

DarkRanger

  • Race: Terran Terran
  • League: Silver

POKER - Winner!

  • Race: Zerg Zerg
  • League: Bronze

VOD

Have the link to the VOD?

Description

Time

  • Played on: Feb. 11, 2016, 10:20 p.m.
  • Length: 3:49
Show
View Real Time Build Order
Export as new Build Order

DarkRanger Terran 

Build Orders:  

Get SALT Encoding   

Show
View Real Time Build Order
Export as new Build Order

POKER Zerg - Winner!

Build Orders: Pool Only 

Get SALT Encoding   

  12  0:02  Drone  
  13  0:11  Drone  
  14  0:22  Extractor  
  14  0:23  Drone  
  14  0:28  Overlord  
  14  0:44  Spawning Pool  
  14  0:46  Drone  
  14  0:48  Drone  
  15  0:57  Evolution Chamber  
  15  1:00  Drone  
  15  1:03  Drone  
  16  1:10  Drone  
  17  1:22  Extractor  
  17  1:24  Drone  
  17  1:34  Metabolic Boost  
  17  1:36  Zergling x2  
  18  1:40  Queen  
  18  1:44  Zergling x2  
  21  1:52  Drone  
  22  2:16  Overlord  
  22  2:50  Zergling x4  
  22  2:51  Zergling x8  
  28  3:04  Roach Warren  
  27  3:26  Drone x2  
  29  3:29  Zergling x2  
Tags
 
Add a new tag
Caveats
  • Supply blocks, unpowered buildings, or Contaminate may cause inaccurate times.
  • Supply counts are checked every 10 seconds.